| TOP OF THE 1ST |
|
Montgomery Biscuits batting - Pitching for Midland RockHounds : RHP Mike Staley
|
|
Pitching: RHP Mike Staley
|
|
|
Batting: LHB Dan Hunt
|
0-0: Reached on error, E3 (Groundball, 3L, EV 86.9 MPH)
|
|
Batting: LHB Mark Marvin
|
0-0: Ball 1-0: Called Strike Dan Hunt steals 2nd base 1-1: Called Strike 1-2: Strikes out swinging
|
|
Batting: RHB David Ward
|
0-0: Ball Dan Hunt steals 3rd base 1-0: Ball 2-0: Ground out 1-3 (Groundball, P, EV 63.1 MPH)
|
|
Batting: RHB Jonathan Fraire
|
0-0: Fly out, F8 (Line Drive, 8LM, EV 102.5 MPH)
|
| Top of the 1st over - 0 runs, 0 hits, 1 error, 1 left on base; Montgomery 0 - Midland 0 |
| BOTTOM OF THE 1ST |
|
Midland RockHounds batting - Pitching for Montgomery Biscuits : RHP Jason Cheek
|
|
Pitching: RHP Jason Cheek
|
|
|
Batting: RHB Armando Estrada
|
0-0: Foul Ball, location: 2F 0-1: Ball 1-1: Swinging Strike 1-2: Ball 2-2: Foul Ball, location: 2F 2-2: Ball 3-2: Strikes out swinging
|
|
Batting: SHB Rich Muniz
|
0-0: Foul Ball, location: 2F 0-1: SINGLE (Groundball, 56D, EV 96.9 MPH)
|
|
Batting: RHB Dave Glenn
|
0-0: Ball 1-0: Ball 2-0: Fly out, F4 (Popup, 4, EV 58.1 MPH)
|
|
Batting: LHB John Shults
|
0-0: Called Strike Rich Muniz steals 2nd base (no throw) 0-1: Ball 1-1: Foul Ball, location: 2F 1-2: SINGLE (Groundball, 4MD, EV 108.8 MPH) Rich Muniz to third Runner from 3rd tries for Home, SAFE, throw by CF to home
|
|
Batting: RHB Luis Restrepo
|
0-0: Ball 1-0: Ball 2-0: Called Strike 2-1: Ball 3-1: Called Strike 3-2: Fly out, F9 (Flyball, 89D, EV 95.0 MPH)
|
| Bottom of the 1st over - 1 run, 2 hits, 0 errors, 1 left on base; Montgomery 0 - Midland 1 |
| TOP OF THE 2ND |
|
Montgomery Biscuits batting - Pitching for Midland RockHounds : RHP Mike Staley
|
|
Batting: SHB Julio Hernandez
|
0-0: Called Strike 0-1: Fly out, F8 (Flyball, 8LM, EV 91.2 MPH)
|
|
Batting: RHB Freddy Mullen
|
0-0: Called Strike 0-1: Ball 1-1: Called Strike 1-2: SINGLE (Groundball, 6MD, EV 95.0 MPH)
|
|
Batting: RHB Mark Richert
|
0-0: Fly out, F9 (Line Drive, 9, EV 105.6 MPH)
|
|
Batting: LHB Alex Genao
|
0-0: Called Strike 0-1: Swinging Strike 0-2: Ball 1-2: Ball 2-2: Foul Ball, location: 2F 2-2: Foul Ball, location: 2F 2-2: Ball 3-2: Foul Ball, location: 2F 3-2: Foul Ball, location: 2F 3-2: Strikes out swinging
|
| Top of the 2nd over - 0 runs, 1 hit, 0 errors, 1 left on base; Montgomery 0 - Midland 1 |
| BOTTOM OF THE 2ND |
|
Midland RockHounds batting - Pitching for Montgomery Biscuits : RHP Jason Cheek
|
|
Batting: RHB Danny Heikkila
|
0-0: Swinging Strike 0-1: Called Strike 0-2: Strikes out looking
|
|
Batting: RHB Jonathan Gallup
|
0-0: Ground out 6-3 (Groundball, 6M, EV 85.6 MPH)
|
|
Batting: RHB Eduardo Chavez
|
0-0: Ball 1-0: Foul Ball, location: 2F 1-1: Ball 2-1: SINGLE (Line Drive, 78M, EV 88.8 MPH)
|
|
Batting: RHB Dunlang Clark
|
0-0: Ball 1-0: Fly out, F9 (Flyball, 9S, EV 81.9 MPH)
|
| Bottom of the 2nd over - 0 runs, 1 hit, 0 errors, 1 left on base; Montgomery 0 - Midland 1 |
| TOP OF THE 3RD |
|
Montgomery Biscuits batting - Pitching for Midland RockHounds : RHP Mike Staley
|
|
Batting: RHB Chris Glavin
|
0-0: Called Strike 0-1: Ball 1-1: DOUBLE (Flyball, 78D, EV 108.8 MPH)
|
|
Batting: LHB Dan Hunt
|
0-0: Called Strike 0-1: Ground out 1-3 (Groundball, 13S, EV 75.0 MPH) Chris Glavin to third
|
|
Batting: LHB Mark Marvin
|
0-0: Ball 1-0: Fly out, F8 (Flyball, 8RS, EV 85.6 MPH)
|
|
Batting: RHB David Ward
|
0-0: Foul Ball, location: 2F 0-1: Swinging Strike 0-2: Foul Ball, location: 2F 0-2: SINGLE (Groundball, 56S, EV 71.2 MPH) (infield hit) Chris Glavin scores
|
|
Batting: RHB Jonathan Fraire
|
0-0: Ball 1-0: Called Strike 1-1: Called Strike 1-2: Ball 2-2: Foul Ball, location: 2F 2-2: Reached via error on a dropped throw from 2B, E3 (Groundball, 4, EV 88.1 MPH) David Ward to second
|
|
Batting: SHB Julio Hernandez
|
0-0: Called Strike 0-1: Ball 1-1: Ball 2-1: Foul Ball, location: 2F 2-2: TRIPLE (Line Drive, 78XD, EV 104.4 MPH) David Ward scores Jonathan Fraire scores
|
|
Batting: RHB Freddy Mullen
|
0-0: Ball 1-0: DOUBLE (Line Drive, 78D, EV 108.1 MPH) Julio Hernandez scores
|
|
Batting: RHB Mark Richert
|
0-0: Swinging Strike 0-1: Foul Ball, location: 2F 0-2: Ball 1-2: Strikes out looking
|
| Top of the 3rd over - 4 runs, 4 hits, 1 error, 1 left on base; Montgomery 4 - Midland 1 |
| BOTTOM OF THE 3RD |
|
Midland RockHounds batting - Pitching for Montgomery Biscuits : RHP Jason Cheek
|
|
Batting: RHB Armando Estrada
|
0-0: Ball 1-0: Ball 2-0: Foul Ball, location: 2F 2-1: Ball 3-1: Swinging Strike 3-2: Fly out, F9 (Flyball, 89S, EV 90.6 MPH)
|
|
Batting: SHB Rich Muniz
|
0-0: Foul Ball, location: 2F 0-1: Called Strike 0-2: Strikes out swinging
|
|
Batting: RHB Dave Glenn
|
0-0: Ground out 2-3 (Groundball, 2L, EV 70.0 MPH)
|
| Bottom of the 3rd over - 0 runs, 0 hits, 0 errors, 0 left on base; Montgomery 4 - Midland 1 |
| TOP OF THE 4TH |
|
Montgomery Biscuits batting - Pitching for Midland RockHounds : RHP Mike Staley
|
|
Batting: LHB Alex Genao
|
0-0: Fly out, F4 (Popup, 34S, EV 88.8 MPH)
|
|
Batting: RHB Chris Glavin
|
0-0: Ball 1-0: Ball 2-0: Foul Ball, location: 2F 2-1: Called Strike 2-2: Ground out 5-3 (Groundball, 5, EV 85.6 MPH)
|
|
Batting: LHB Dan Hunt
|
0-0: Ball 1-0: Ground out 4-3 (Groundball, 4, EV 106.9 MPH)
|
| Top of the 4th over - 0 runs, 0 hits, 0 errors, 0 left on base; Montgomery 4 - Midland 1 |
| BOTTOM OF THE 4TH |
|
Midland RockHounds batting - Pitching for Montgomery Biscuits : RHP Jason Cheek
|
|
Batting: LHB John Shults
|
0-0: Ball 1-0: Foul Ball, location: 2F 1-1: Ball 2-1: Ground out U3 (Groundball, 34S, EV 79.4 MPH)
|
|
Batting: RHB Luis Restrepo
|
0-0: Called Strike 0-1: Fly out, F6 (Popup, 4S, EV 75.0 MPH)
|
|
Batting: RHB Danny Heikkila
|
0-0: Ball 1-0: SINGLE (Groundball, 6MD, EV 98.1 MPH)
|
|
Batting: RHB Jonathan Gallup
|
0-0: Called Strike 0-1: Ball 1-1: Ball 2-1: Foul Ball, location: 2F 2-2: Ball Danny Heikkila is caught stealing 2nd base 2-4
|
| Bottom of the 4th over - 0 runs, 1 hit, 0 errors, 0 left on base; Montgomery 4 - Midland 1 |
| TOP OF THE 5TH |
|
Montgomery Biscuits batting - Pitching for Midland RockHounds : RHP Mike Staley
|
|
Batting: LHB Mark Marvin
|
0-0: Foul Ball, location: 2F 0-1: Ball 1-1: Fly out, F7 (Line Drive, 78D, EV 93.8 MPH)
|
|
Batting: RHB David Ward
|
0-0: Fly out, F7 (Line Drive, 7, EV 88.8 MPH)
|
|
Batting: RHB Jonathan Fraire
|
0-0: Ball 1-0: Foul Ball, location: 2F 1-1: Ground out 4-3 (Groundball, 4, EV 83.1 MPH)
|
| Top of the 5th over - 0 runs, 0 hits, 0 errors, 0 left on base; Montgomery 4 - Midland 1 |
| BOTTOM OF THE 5TH |
|
Midland RockHounds batting - Pitching for Montgomery Biscuits : RHP Jason Cheek
|
|
Batting: RHB Jonathan Gallup
|
0-0: Called Strike 0-1: Ball 1-1: Ball 2-1: Ball 3-1: Foul Ball, location: 2F 3-2: Hit by Pitch
|
|
Batting: RHB Eduardo Chavez
|
0-0: Called Strike 0-1: Ball 1-1: Ball 2-1: Fly out, F7 (Flyball, 78M, EV 93.8 MPH)
|
|
Batting: RHB Dunlang Clark
|
0-0: Ball 1-0: Foul Ball, location: 2F 1-1: Called Strike 1-2: Strikes out swinging
|
|
Batting: RHB Armando Estrada
|
0-0: Ball 1-0: Foul Ball, location: 2F 1-1: Ball 2-1: Ground out 4-3 (Groundball, 4, EV 101.2 MPH)
|
| Bottom of the 5th over - 0 runs, 0 hits, 0 errors, 1 left on base; Montgomery 4 - Midland 1 |
| TOP OF THE 6TH |
|
Montgomery Biscuits batting - Pitching for Midland RockHounds : RHP Mike Staley
|
|
Batting: SHB Julio Hernandez
|
0-0: Called Strike 0-1: DOUBLE (Line Drive, 78D, EV 107.5 MPH)
|
|
Batting: RHB Freddy Mullen
|
0-0: Intentional Walk
|
|
Batting: RHB Mark Richert
|
0-0: Called Strike 0-1: SINGLE (Line Drive, 9S, EV 102.5 MPH) Julio Hernandez to third Freddy Mullen to second
|
|
Batting: LHB Alex Genao
|
0-0: Called Strike 0-1: Ball 1-1: SINGLE (Groundball, 34D, EV 97.5 MPH) Julio Hernandez scores Freddy Mullen to third Mark Richert to second Runner from 3rd tries for Home, SAFE, throw by RF to home
|
|
Pitching: RHP Javy Rodriquez
|
|
|
Batting: RHB Chris Glavin
|
0-0: Ball 1-0: Called Strike 1-1: Foul Ball, location: 2F 1-2: Strikes out looking
|
|
Batting: LHB Dan Hunt
|
0-0: Grounds into double play, 4-6-3 (Groundball, 4, EV 86.9 MPH)
|
| Top of the 6th over - 2 runs, 3 hits, 0 errors, 1 left on base; Montgomery 6 - Midland 1 |
| BOTTOM OF THE 6TH |
|
Midland RockHounds batting - Pitching for Montgomery Biscuits : RHP Jason Cheek
|
|
Batting: SHB Rich Muniz
|
0-0: Called Strike 0-1: Ball 1-1: Ball 2-1: Swinging Strike 2-2: Ball 3-2: Ground out 5-3 (Groundball, 56, EV 109.4 MPH)
|
|
Batting: RHB Dave Glenn
|
0-0: Swinging Strike 0-1: Swinging Strike 0-2: Ball 1-2: Foul Ball, location: 2F 1-2: Ball 2-2: Strikes out looking
|
|
Batting: LHB John Shults
|
0-0: Ball 1-0: Ball 2-0: Ground out 6-3 (Groundball, 6, EV 83.8 MPH)
|
| Bottom of the 6th over - 0 runs, 0 hits, 0 errors, 0 left on base; Montgomery 6 - Midland 1 |
| TOP OF THE 7TH |
|
Montgomery Biscuits batting - Pitching for Midland RockHounds : RHP Javy Rodriquez
|
|
Batting: LHB Mark Marvin
|
0-0: Swinging Strike 0-1: Foul Ball, location: 2F 0-2: Strikes out swinging
|
|
Batting: RHB David Ward
|
0-0: Called Strike 0-1: Ground out 6-3 (Groundball, 6, EV 104.4 MPH)
|
|
Batting: RHB Jonathan Fraire
|
0-0: Called Strike 0-1: Swinging Strike 0-2: Ball 1-2: DOUBLE (Groundball, 5L, EV 101.9 MPH)
|
|
Batting: SHB Julio Hernandez
|
0-0: Ball 1-0: Ground out 4-3 (Groundball, 4, EV 105.0 MPH)
|
| Top of the 7th over - 0 runs, 1 hit, 0 errors, 1 left on base; Montgomery 6 - Midland 1 |
| BOTTOM OF THE 7TH |
|
Midland RockHounds batting - Pitching for Montgomery Biscuits : RHP Jason Cheek
|
|
Batting: RHB Luis Restrepo
|
0-0: Ball 1-0: Called Strike 1-1: DOUBLE (Line Drive, 9LS, EV 100.6 MPH)
|
|
Batting: RHB Danny Heikkila
|
0-0: Ball 1-0: Ball 2-0: Ball 3-0: Called Strike 3-1: Foul Ball, location: 2F 3-2: TRIPLE (Flyball, 89XD, EV 94.4 MPH) Luis Restrepo scores
|
|
Batting: RHB Jonathan Gallup
|
0-0: Foul Ball, location: 2F 0-1: Ball 1-1: Ball 2-1: Ball 3-1: Called Strike 3-2: Foul Ball, location: 2F 3-2: 2-RUN HOME RUN (Line Drive, 78XD, EV 110.6 MPH), Distance : 453 ft
|
|
Pitching: RHP Luis Cubero
|
|
|
Batting: RHB Eduardo Chavez
|
0-0: Ground out 6-3 (Groundball, 6, EV 101.2 MPH)
|
|
Batting: RHB Dunlang Clark
|
0-0: SINGLE (Flyball, 3D, EV 86.9 MPH)
|
|
Batting: RHB Armando Estrada
|
0-0: Called Strike Dunlang Clark steals 2nd base 0-1: Ball 1-1: Fly out, F8 (Flyball, 8RS, EV 85.0 MPH)
|
|
Batting: SHB Rich Muniz
|
0-0: Ball 1-0: Ball 2-0: Called Strike 2-1: Foul Ball, location: 2F 2-2: Ball 3-2: Strikes out swinging
|
| Bottom of the 7th over - 3 runs, 4 hits, 0 errors, 1 left on base; Montgomery 6 - Midland 4 |
| TOP OF THE 8TH |
|
Montgomery Biscuits batting - Pitching for Midland RockHounds : RHP Javy Rodriquez
|
|
Batting: RHB Freddy Mullen
|
0-0: Foul Ball, location: 2F 0-1: Ball 1-1: Swinging Strike 1-2: Ground out U3 (Groundball, 3, EV 84.4 MPH)
|
|
Batting: RHB Mark Richert
|
0-0: Called Strike 0-1: DOUBLE (Line Drive, 89D, EV 101.2 MPH)
|
|
Batting: LHB Alex Genao
|
0-0: Intentional Walk
|
|
Batting: RHB Chris Glavin
|
0-0: Grounds into double play, 6-4-3 (Groundball, 6, EV 84.4 MPH)
|
| Top of the 8th over - 0 runs, 1 hit, 0 errors, 1 left on base; Montgomery 6 - Midland 4 |
| BOTTOM OF THE 8TH |
|
Midland RockHounds batting - Pitching for Montgomery Biscuits : RHP Luis Cubero
|
|
Batting: RHB Dave Glenn
|
0-0: Called Strike 0-1: Ground out 4-3 (Groundball, 4, EV 78.1 MPH)
|
|
Pitching: LHP Sam Wesman
|
|
|
Batting: LHB John Shults
|
0-0: SINGLE (Groundball, 4M, EV 103.8 MPH) (infield hit)
|
|
Batting: RHB Luis Restrepo
|
0-0: DOUBLE (Groundball, 5L, EV 107.5 MPH) John Shults to third
|
|
Batting: RHB Danny Heikkila
|
0-0: Fly out, F8 (Flyball, 8LM, EV 82.5 MPH)
|
|
Batting: RHB Jonathan Gallup
|
0-0: Ball 1-0: Foul Ball, location: 2F 1-1: Foul Ball, location: 2F 1-2: Ball 2-2: SINGLE (Groundball, 6MD, EV 103.8 MPH) John Shults scores Luis Restrepo to third Runner from 3rd tries for Home, SAFE, throw by CF to home
|
|
Batting: RHB Eduardo Chavez
|
0-0: Called Strike 0-1: Ball 1-1: Ball 2-1: Ball 3-1: Base on Balls Jonathan Gallup to second
|
|
Batting: RHB Dunlang Clark
|
0-0: Called Strike 0-1: Ball 1-1: Ball 2-1: Ground out 1-3 (Groundball, 34S, EV 67.5 MPH)
|
| Bottom of the 8th over - 2 runs, 3 hits, 0 errors, 2 left on base; Montgomery 6 - Midland 6 |
| TOP OF THE 9TH |
|
Montgomery Biscuits batting - Pitching for Midland RockHounds : RHP Javy Rodriquez
|
|
Batting: LHB Dan Hunt
|
0-0: Called Strike 0-1: Foul Ball, location: 2F 0-2: Strikes out looking
|
|
Batting: LHB Mark Marvin
|
0-0: Ball 1-0: Called Strike 1-1: Called Strike 1-2: Foul Ball, location: 2F 1-2: Ball 2-2: Ball 3-2: Base on Balls
|
|
Batting: RHB David Ward
|
0-0: Ball 1-0: Called Strike Mark Marvin is caught stealing 2nd base 2-4 1-1: Ball 2-1: Reached via error on a dropped throw from 1B, E1 (Groundball, 34S, EV 82.5 MPH)
|
|
Batting: RHB Jonathan Fraire
|
0-0: Called Strike 0-1: Ball 1-1: Ball 2-1: Ball 3-1: Base on Balls David Ward to second
|
|
Batting: SHB Julio Hernandez
|
0-0: Ground out U3 (Groundball, 3S, EV 88.1 MPH)
|
| Top of the 9th over - 0 runs, 0 hits, 1 error, 2 left on base; Montgomery 6 - Midland 6 |
| BOTTOM OF THE 9TH |
|
Midland RockHounds batting - Pitching for Montgomery Biscuits : LHP Sam Wesman
|
|
Pitching: RHP Jeremy Price
|
|
|
Batting: RHB Armando Estrada
|
0-0: Ball 1-0: Foul Ball, location: 2F 1-1: Foul Ball, location: 2F 1-2: Ball 2-2: Ground out 4-3 (Groundball, 4S, EV 80.0 MPH)
|
|
Batting: SHB Rich Muniz
|
0-0: Foul Ball, location: 2F 0-1: Ball 1-1: Called Strike 1-2: Foul Ball, location: 2F 1-2: Ground out 4-3 (Groundball, 34, EV 106.2 MPH)
|
|
Batting: RHB Dave Glenn
|
0-0: Foul Ball, location: 2F 0-1: Fly out, F8 (Flyball, 89D, EV 100.0 MPH)
|
| Bottom of the 9th over - 0 runs, 0 hits, 0 errors, 0 left on base; Montgomery 6 - Midland 6 |
| TOP OF THE 10TH |
|
Montgomery Biscuits batting - Pitching for Midland RockHounds : RHP Javy Rodriquez
|
|
Batting: RHB Freddy Mullen
|
0-0: Ball 1-0: Ball 2-0: Ball 3-0: Base on Balls
|
|
Batting: RHB Mark Richert
|
0-0: Bunted foul 0-1: Ball 1-1: Bunt missed! 1-2: Grounds into double play, 6-4-3 (Groundball, 6, EV 88.1 MPH)
|
|
Batting: LHB Alex Genao
|
0-0: Fly out, F9 (Line Drive, 9, EV 93.1 MPH)
|
| Top of the 10th over - 0 runs, 0 hits, 0 errors, 0 left on base; Montgomery 6 - Midland 6 |
| BOTTOM OF THE 10TH |
|
Midland RockHounds batting - Pitching for Montgomery Biscuits : RHP Jeremy Price
|
|
Batting: LHB John Shults
|
0-0: Ball 1-0: Ground out 6-3 (Groundball, 6, EV 85.6 MPH)
|
|
Batting: RHB Luis Restrepo
|
0-0: Ball 1-0: Ball 2-0: Called Strike 2-1: Ground out 6-3 (Groundball, 6, EV 83.1 MPH)
|
|
Batting: RHB Danny Heikkila
|
0-0: Foul Ball, location: 2F 0-1: Ball 1-1: Called Strike 1-2: Reached on error, E6 (Groundball, 6, EV 100.6 MPH)
|
|
Batting: RHB Jonathan Gallup
|
0-0: Foul Ball, location: 2F 0-1: Ball 1-1: Ball 2-1: Swinging Strike 2-2: Strikes out swinging
|
| Bottom of the 10th over - 0 runs, 0 hits, 1 error, 1 left on base; Montgomery 6 - Midland 6 |
| TOP OF THE 11TH |
|
Montgomery Biscuits batting - Pitching for Midland RockHounds : RHP Javy Rodriquez
|
|
Batting: RHB Chris Glavin
|
0-0: Called Strike 0-1: Ground out 4-3 (Groundball, 4, EV 80.0 MPH)
|
|
Batting: LHB Dan Hunt
|
0-0: Ground out 4-3 (Groundball, 4, EV 85.6 MPH)
|
|
Batting: LHB Mark Marvin
|
0-0: Ball 1-0: Foul Ball, location: 2F 1-1: Ground out 3-1 (Groundball, 34S, EV 88.1 MPH)
|
| Top of the 11th over - 0 runs, 0 hits, 0 errors, 0 left on base; Montgomery 6 - Midland 6 |
| BOTTOM OF THE 11TH |
|
Midland RockHounds batting - Pitching for Montgomery Biscuits : RHP Jeremy Price
|
|
Batting: RHB Eduardo Chavez
|
0-0: Foul Ball, location: 2F 0-1: Fly out, F7 (Line Drive, 7LM, EV 95.0 MPH)
|
|
Pinch Hitting: LHB Chance Stever
|
0-0: Ball 1-0: Ball 2-0: Ball 3-0: SINGLE (Groundball, 4MD, EV 96.9 MPH)
|
|
Batting: RHB Armando Estrada
|
0-0: Ball 1-0: Ball 2-0: Ball 3-0: Called Strike 3-1: Sac Bunt to 15S - play at first, batter OUT! 1-3 Chance Stever to second
|
|
Batting: SHB Rich Muniz
|
0-0: Intentional Walk
|
|
Batting: RHB Dave Glenn
|
0-0: Ball 1-0: Called Strike 1-1: Called Strike 1-2: Ball Wild Pitch! Chance Stever to third Rich Muniz to second 2-2: Foul Ball, location: 2F 2-2: SINGLE (Groundball, 56D, EV 93.8 MPH) (infield hit) Chance Stever scores
|
| Bottom of the 11th over - 1 run, 2 hits, 0 errors, 2 left on base; Montgomery 6 - Midland 7 |
|